 Dungeon Crawl Stone Soup version 0.28-a0-726-g4a9143789a (webtiles) character file.

Game seed: 17984591688573887124

167 cheechan the Poker (level 5, -1/36 HPs)
             Began as an Octopode Chaos Knight on Oct 27, 2021.
             Was a Plaything of Xom.
             Killed by a magical explosion (14 damage)
             ... on level 3 of the Dungeon.
             The game lasted 00:10:22 (2150 turns).

cheechan the Poker (Octopode Chaos Knight)          Turns: 2150, Time: 00:10:23

Health: -1/36      AC:  1    Str: 13    XL:     5   Next: 48%
Magic:  5/5        EV: 13    Int: 14    God:    Xom [..*...]
Gold:   40         SH:  0    Dex:  9    Spells: 4/4 levels left

rFire   . . .      SeeInvis .   a - +1 spear (chaos)
rCold   . . .      Faith    .   (no shield)
rNeg    . . .      Spirit   .   (helmet restricted)
rPois   .          Reflect  .   (no amulet)
rElec   .          Harm     .   (no ring)
rCorr   .          Rampage  .   (no ring)
Will    .....                   (no ring)
Stlth   ++........              (no ring)
HPRegen 0.12/turn               (no ring)
MPRegen 0.09/turn               (no ring)
                                (no ring)
                                (no ring)

@: heavily contaminated, glowing
A: almost no armour, amphibious, 8 rings, camouflage 1, gelatinous body 1,
(nimble swimmer 1), tentacles, clumsy 1, deterioration 1
a: Renounce Religion


You were on level 3 of the Dungeon.
You worshipped Xom.
You were a toy of Xom.
You visited 1 branch of the dungeon, and saw 3 of its levels.

You collected 40 gold pieces.

Inventory:

Hand Weapons
 a - a +1 spear of chaos (weapon)
 e - a +0 hand axe
 p - a +0 flail
Missiles
 b - 9 poisoned darts (quivered)
 g - 6 boomerangs
 h - 26 sling bullets
 i - 14 arrows
 j - 51 stones
 k - 4 atropa-tipped darts
Magical Staves
 q - a staff of conjuration
Scrolls
 c - 3 scrolls of enchant weapon
 n - a scroll of immolation {unknown}
 o - a scroll of teleportation
Potions
 d - 2 potions of heal wounds {unknown}
 f - a potion of curing
 l - a potion of haste {unknown}
 m - a potion of might {unknown}


   Skills:
 + Level 3.6 Fighting
 + Level 4.5 Polearms
 + Level 2.8 Dodging
 + Level 3.9 Stealth


You had 4 spell levels left.
You didn't know any spells.
Your spell library was empty.

Dungeon Overview and Level Annotations

Branches:
Dungeon (3/15)

Altars:

Shops:
D:1 ?   D:2 [

Annotations:
D:3 Sigmund


Innate Abilities, Weirdness & Mutations

You cannot wear most types of armour.
You are amphibious.
You can wear up to eight rings at the same time.
Your skin changes colour to match your surroundings (Stealth+).
Your rubbery body absorbs attacks. (AC +1, EV +1)
((You are camouflaged near water. (Stealth+)))
You have tentacles for arms and can constrict up to eight enemies at once.
You are clumsy. (Dex -2)
Your body sometimes deteriorates upon taking damage.


Message History

The adder poisons you! The rat closely misses you.
You feel better.
You are engulfed in mutagenic fog.
The mutagenic energy flows into you.
The adder is engulfed in mutagenic fog.
The adder barely misses you. The rat bites you.
The adder is engulfed in mutagenic fog.
The adder twists and deforms.
The adder bites you but does no damage.
You hit the adder. Your grab misses the adder. Your squeeze misses the adder.
The adder is heavily wounded.
You are engulfed in mutagenic fog.
The mutagenic energy flows into you.
The adder is engulfed in mutagenic fog.
The adder misses you. The rat bites you.
You completely miss the adder. Your grab misses the adder.
The adder is heavily wounded.
You are engulfed in mutagenic fog.
The mutagenic energy flows into you.
The adder is engulfed in mutagenic fog.
The adder closely misses you.
The rat is engulfed in mutagenic fog.
The rat bites you.
You see here a rat corpse.
Sigmund casts a spell.
Sigmund flickers and vanishes!
Deactivating autopickup; reactivate with Ctrl-A.
The rat is engulfed in mutagenic fog.
Throw: 10 darts (poison)
Press: ? - help, Q - select action, (/) - cycle Shift-Dir - straight line, f/p - adder
Aim: an adder (heavily wounded, unusually agile, misshapen and mutated, 11% to hit)
You throw a poisoned dart. The poisoned dart misses the adder.
The adder misses you.
The rat is engulfed in mutagenic fog.
The rat barely misses you. The adder closely misses you.
You hit the adder. Lightning courses through the adder!
You kill the adder!
You hear some strange, mumbled words.
You are confused.
The rat is engulfed in mutagenic fog.
The rat bites you.
* * * LOW HITPOINT WARNING * * *
Unknown command.
You feel better.
The rat is engulfed in mutagenic fog.
The rat twists and deforms.
The rat bites you.
Your body shudders with the violent release of wild energies!
The magical storm engulfs you!
You die...
Xom howls with laughter!

..... #.####
.###...##....
........#..###
.............
#.........##
#.......## #
##...#...##.# .
#.....#....# .. #
#...#..@...#.##.#
..###.###...r###b..(##
..... #†.#{..#..((..#
##..##.##.....#
##..<...(....(...#
####.####...###.(. #.#
#...# . #.# #..(.. ...
..#.###


You could see a rat (misshapen).

Vanquished Creatures
  Natasha (twice) (D:2)
  6 adders
  4 ball pythons
  6 endoplasms
  4 giant cockroaches
  6 goblins
  7 hobgoblins
  4 jackals
  9 kobolds
  A bat (D:1)
  6 frilled lizards
  5 rats
60 creatures vanquished.

Vanquished Creatures (others)
  7 toadstools (D:2)
7 creatures vanquished.

Grand Total: 67 creatures vanquished

Notes
Turn   | Place    | Note
-------+----------+-------------------------------------------
     0 | D:1      | cheechan the Octopode Chaos Knight began the quest for the
                  | Orb.
     0 | D:1      | Reached XP level 1. HP: 16/16 MP: 1/1
   125 | D:1      | XOM: silly message
   144 | D:1      | Reached XP level 2. HP: 18/21 MP: 2/2
   144 | D:1      | XOM: silly message
   364 | D:1      | Found a faded altar of an unknown god.
   471 | D:1      | Reached XP level 3. HP: 23/26 MP: 3/3
   576 | D:1      | Reached skill level 1 in Stealth
   831 | D:1      | Found Ejashit's Magic Scroll Emporium.
   977 | D:2      | XOM: 2-stop teleportation journey
   981 | D:2      | XOM: divination: detect items
  1139 | D:2      | Noticed Natasha
  1145 | D:2      | Killed Natasha
  1146 | D:2      | Reached skill level 4 in Polearms
  1146 | D:2      | Reached XP level 4. HP: 31/31 MP: 4/4
  1282 | D:2      | XOM: cloud trail
  1497 | D:3      | Noticed Sigmund
  1750 | D:2      | Found Lexzaq's Armour Boutique.
  1772 | D:2      | Noticed Natasha
  1782 | D:2      | Killed Natasha
  1783 | D:2      | Reached XP level 5. HP: 31/36 MP: 5/5
  2107 | D:3      | XOM: cloud trail
  2119 | D:3      | Gained mutation: You are clumsy. (Dex -2) [mutagenic glow]
  2131 | D:3      | Gained mutation: Your body sometimes deteriorates upon
                  | taking damage. [mutagenic glow]
  2150 | D:3      | Killed by a magical explosion

Illustrated notes

Levels and vault maps discovered:
D:1:      dpeg_arrival_stone_temple_mockup, layout_basic, serial_shops, shop,
          hellmonk_ecumenical_altar_slurped_away, minmay_circled_x
D:2:      cheibrodos_fertilizer, layout_basic, serial_shops,
          nicolae_shop_behind_doors, uniq_natasha
D:3:      layout_rooms, uniq_sigmund

Skill      XL: |  1  2  3  4 |
---------------+-------------+-----
Stealth        | 2 3 |  3.9
Polearms       | 4 |  4.5
Fighting       | |  3.6
Dodging        | |  2.8

Action                   |  1- 3 |  4- 6 || total
-------------------------+-------+-------++-------
Melee: Spear             |    82 |    46 ||   128
       Constrict         |    15 |    13 ||    28
       Tentacles         |     8 |     6 ||    14
Throw: Dart              |       |     8 ||     8
  Use: Scroll            |     5 |       ||     5
       Potion            |       |     2 ||     2
 Stab: Sleeping          |     5 |     5 ||    10
       Paralysed         |     2 |       ||     2
       Distracted        |     2 |       ||     2
       Petrifying        |     2 |       ||     2
Armor: Skin              |     2 |     2 ||     4
Dodge: Dodged            |    28 |    25 ||    53

Table legend: (Time is in decaauts)
 A = Elapsed time spent in this place.
 B = Non-inter-level travel time spent in this place.
 C = Inter-level travel time spent in this place.
 D = Time resting spent in this place.
 E = Time spent auto-exploring this place.
 F = Levels seen in this place.
 G = Mean time per level.
                   A        B        C        D        E       F      G
               +--------+--------+--------+--------+--------+-----+--------+
         Total |   2125 |   2125 |      0 |    418 |      0 |   3 |  708.3 |
       Dungeon |   2125 |   2125 |      0 |    418 |      0 |   3 |  708.3 |
               +--------+--------+--------+--------+--------+-----+--------+

Top non-repeatable levels by time:
     D:2: 1207 daAuts
     D:1: 857 daAuts
     D:3: 60 daAuts
